 Dungeon Crawl Stone Soup version 0.16-a0-4113-g7d8e295 (console) character file.

198031 HyperMorgan the Impaler (level 17, -12/243 HPs)
             Began as a Deep Dwarf Fire Elementalist on Feb 26, 2015.
             Was the Champion of Makhleb.
             Mangled by an Ice Fiend (18 damage)
             ... in an ice cave on Mar 1, 2015.
             The game lasted 03:29:15 (39220 turns).

HyperMorgan the Impaler (DDFE)                     Turns: 39220, Time: 03:29:15

Health: -12/243    AC: 19    Str: 18 (21) XL:     17   Next: 79%
Magic:  18/18      EV: 14    Int: 15 (22) God:    Makhleb [******]
Gold:   2987       SH: 11    Dex: 11 (14) Spells: 7 memorised, 3 levels left

rFire  . . .     SeeInvis .     a - +9 broad axe (freeze)
rCold  + . .     Clarity  .     z - +2 ring mail {rF+}
rNeg   + . .     SustAb   .     l - +0 shield
rPois  .         Gourm    .     p - +2 helmet
rElec  .         Spirit   .     c - +0 cloak
rCorr  .         Warding  .     X - +2 pair of gloves
rMut   .         Stasis   .     k - +2 pair of boots {Stlth+}
MR     ++...                    s - amulet of rage
Stlth  ..........               T - +4 ring of strength
                                Q - ring of ice

@: berserking, non-regenerating, very quick, very resistant to hostile
enchantments, extremely unstealthy
A: damage resistance, recharge devices, negative energy resistance 1, sense
surroundings 2, slow healing 3
a: Device Recharging, Minor Destruction, Lesser Servant of Makhleb, Major
Destruction, Greater Servant of Makhleb, Renounce Religion, Evoke Berserk Rage
}: 1/15 runes: gossamer


You were in an ice cave.
You worshipped Makhleb.
Makhleb was exalted by your worship.
You were full.

You visited 5 branches of the dungeon, and saw 35 of its levels.
You also visited: Ossuary and Ice Cave.

You collected 2987 gold pieces.

Inventory:

Hand weapons
 a - a +9 broad axe of freezing (weapon)
 f - a +2 hand axe of flaming
 K - a +2 executioner's axe of freezing
 Y - a +0 battleaxe of freezing
Armour
 c - a +0 cloak (worn)
 g - a +0 buckler
 k - a +2 pair of boots of stealth (worn)
 l - a +0 shield (worn)
 p - a +2 helmet (worn)
 z - a +2 ring mail of fire resistance (worn)
 W - a +0 shadow dragon armour
 X - a +2 pair of gloves (worn)
Rods
 b - a +5 iron rod (13/13)
   (You found it on level 1 of the Shoals)
Jewellery
 s - an amulet of rage (around neck)
 A - an uncursed amulet of resist corrosion
 D - an uncursed ring of poison resistance
 E - an uncursed ring of see invisible
 Q - a ring of ice (left hand)
 R - an uncursed ring of flight
 T - a +4 ring of strength (right hand)
Magical devices
 y - a wand of heal wounds (3)
 H - a wand of cold (8)
 J - a wand of fire (4)
 O - a wand of fire (8)
 P - a wand of teleportation (4)
 U - a wand of hasting (1)
 V - a wand of digging (1)
Scrolls
 e - 9 scrolls of remove curse
 h - a scroll of enchant armour
 m - 6 scrolls of teleportation
 q - 9 scrolls of identify
 u - 2 scrolls of blinking
 v - 2 scrolls of fear
 F - 7 scrolls of magic mapping
 G - 5 scrolls of fog
Potions
 i - 2 potions of agility
 j - 4 potions of haste
 n - 4 potions of might
 o - 4 potions of resistance
 r - 2 potions of magic
 t - 4 potions of curing
 C - 4 potions of invisibility
 I - 2 potions of flight
 L - 5 potions of restore abilities
 M - 8 potions of brilliance
 S - 5 potions of ambrosia
Books
 x - a book of the Warp

   Spells                             Type                      Level
   a - Recall                         Summoning/Translocation      3
   b - Control Teleport               Charms/Translocation         4
   c - Force Lance                    Conjuration/Translocation    4
   d - Phase Shift                    Translocation                5
   e - Warp Weapon                    Charms/Translocation         5
   f - Gell's Gravitas                Hexes/Translocation          5
   g - Summon Forest                  Summoning/Translocation      5
Miscellaneous
 N - a fan of gales
 Z - a lamp of fire
Comestibles
 d - 18 bread rations
 w - 15 meat rations
 B - 6 slices of pizza


   Skills:
 + Level 12.5 Fighting
 - Level 13.6(18.1) Axes
 - Level 0.4(8.2) Maces & Flails
   Level 17.0(18.2) Polearms
 - Level 5.0 Armour
 - Level 10.0 Dodging
 - Level 2.4 Stealth
 + Level 8.9 Shields
 - Level 4.0 Spellcasting
 - Level 7.1 Conjurations
 - Level 3.0 Charms
 - Level 3.2 Translocations
 - Level 7.0 Fire Magic
 - Level 10.0 Invocations
 - Level 5.1 Evocations


You had 3 spell levels left.
You knew the following spells:

 Your Spells              Type           Power        Failure   Level  Hunger
a - Haste                 Chrm           ##......     100%        6    #######
b - Throw Flame           Conj/Fire      ##....       6%          2    ##.....
c - Conjure Flame         Conj/Fire      ##......     12%         3    ###....
d - Sticky Flame          Conj/Fire      ##......     38%         4    ####...
e - Blink                 Tloc           N/A          30%         2    ##.....
f - Repel Missiles        Chrm/Air       #.....       56%         2    ##.....
g - Swiftness             Chrm/Air       #.......     56%         2    ##.....


Dungeon Overview and Level Annotations

Branches:
Dungeon (15/15)            Temple (0/1) D:7            Lair (8/8) D:8
 Shoals (3/5) Lair:3       Spider (5/5) Lair:4        Slime (0/6) Lair:8
    Orc (4/4) D:9             Elf (0/3) Orc:3        Vaults (0/5) D:13
 Depths (0/5) D:15

Altars:
Cheibriados
Dithmenos
Fedhas
Gozag
Makhleb
Okawaru
Sif Muna
Trog
Xom
Yredelemnul

Shops:
D:11 *   D:14 %   Orc:2 =:   Orc:4 :(%%

Portals:
Pandemonium: Orc:4

Annotations:
D:3 scrublord's ghost, average DsFi
Spider:3 exclusion: Roxanne, Asterion; Roxanne


Innate Abilities, Weirdness & Mutations

You are resistant to damage.
You can recharge devices by infusing magical energy.
You resist negative energy.
You passively map the area around you.
You do not heal naturally.


Message History

Your body is wracked with pain!
You hit the Ice Fiend.
The Ice Fiend is severely wounded.
You hit the Ice Fiend.
The Ice Fiend is severely wounded.
The Ice Fiend claws you! The Ice Fiend freezes you!! You resist.
The Ice Fiend claws you! The Ice Fiend freezes you!! You resist.
* * * LOW HITPOINT WARNING * * *
You barely miss the Ice Fiend.
The Ice Fiend is severely wounded.
You barely miss the Ice Fiend.
The Ice Fiend is severely wounded.
The Ice Fiend claws you!
* * * LOW HITPOINT WARNING * * *
The Ice Fiend freezes you!! You resist.
* * * LOW HITPOINT WARNING * * *
The Ice Fiend claws you!
* * * LOW HITPOINT WARNING * * *
The Ice Fiend freezes you!! You resist.
You die...

▒░≈ · ·
·∙∙∙∙∙∙▒##∙####▒▒▒∙▒
▒▒ ≈
∙∙∙∙∙∙▒▒∙∙#####▒∙▒▒
∙▒▒
▒▒∙∙∙∙∙#▒▒##∙##∙∙▒▒
∙∙▒ ·
∙∙∙▒∙∙######∙∙∙▒▒
∙∙▒░ ≈
▒▒▒∙∙▒∙∙▒▒▒###∙∙▒▒
∙▒▒ ≈
▒▒∙∙∙∙▒∙∙∙∙∙▒#∙∙▒▒
∙▒▒≈≈ ≈≈
∙∙∙∙∙∙▒∙∙∙∙∙▒▒∙▒▒
∙∙▒▒ ≈ ≈
·▒▒∙∙∙∙∙∙▒▒▒∙▒▒ ∙∙∙▒
░░░▒∙∙∙g∙▒▒▒ ▒▒▒
∙∙∙▒ ≈≈ ▒▒▒1▒▒▒·
∙∙▒▒ ≈ ∙∙∙ ··· ∙▒▒ ≈
· ▒▒$)· ▒▒░░ ≈ ▒▒▒░
░ ░


You could see an Ice Fiend.

Vanquished Creatures
  Norris (Spider:3)
  Frances (Spider:5)
  5 ghost moths
  Maud (Lair:3)
  Aizul (Spider:1)
  5 emperor scorpions
  A ghoul (D:14)
  Jorgrun (Shoals:2)
  5 dire elephants (Lair:8)
  2 merfolk impalers (Shoals:2)
  5 hydras
  Fannar (Lair:6)
  Harold (Orc:2)
  A centaur warrior (D:15)
  An anaconda (Lair:8)
  Erica (Lair:4)
  3 merfolk avatars
  An ogre mage (D:15)
  2 death yaks (Lair:4)
  4 orc high priests
  Urug (Orc:2)
  Nergalle (Lair:5)
  2 skeletal warriors
  6 ice devils (IceCv)
  2 sea snakes (Shoals:1)
  A gelid demonspawn (Orc:4)
  2 ice statues (IceCv)
  A putrid demonspawn (Orc:4)
  2 unseen horrors
  4 harpies (Shoals:2)
  9 hill giants
  A tengu zombie (D:15)
  A phantasmal warrior (D:15)
  4 orc knights (Orc:4)
  2 water nymphs
  2 necromancers
  4 hornets
  10 griffons
  3 cyclopes
  24 wolf spiders
  18 elephants
  5 ugly things
  16 orb spiders
  3 black mambas
  5 sirens
  9 manticores
  3 fauns (Shoals:2)
  10 orc sorcerers
  3 drowned souls (Shoals:1)
  A dire elephant zombie (D:15)
  2 centaur zombies (D:14)
  4 moths of wrath
  5 torpor snails
  A queen ant (Lair:6)
  4 molten gargoyles (D:12)
  2 centaur skeletons
  An orange demon (Orc:4)
  A gargoyle (D:14)
  9 spiny frogs
  2 fire drakes
  A kobold demonologist (D:14)
  21 demonic crawlers
  A red devil (Orc:4)
  A tengu conjurer (D:13)
  2 guardian mummies
  2 komodo dragons
  9 merfolk
  A spriggan skeleton (D:15)
  2 hellwings (Orc:4)
  32 jumping spiders
  8 trolls
  A polar bear (Lair:4)
  A two-headed ogre (D:15)
  4 wind drakes
  6 blue devils
  23 blink frogs
  A harpy skeleton (D:14)
  A boulder beetle (Spider:3)
  A trapdoor spider zombie (D:15)
  3 ravens (D:13)
  A spriggan (D:7)
  34 tarantellas
  28 trapdoor spiders
  5 basilisks
  83 redbacks
  6 wyverns
  4 deep elf magi
  A wraith (D:10)
  13 hippogriffs
  31 yaks
  Grum (D:13)
  2 chaos spawn
  A mottled dragon (D:14)
  4 hungry ghosts
  9 wolves
  A human zombie (D:15)
  5 soldier ants (Lair:6)
  13 water moccasins
  2 swamp worms (Lair:2)
  34 orc warriors
  A spider (shapeshifter) (D:13)
  14 spiders
  13 ogres
  6 phantoms
  10 porcupines
  A black bear (D:6)
  4 wasps
  9 ice beasts
  3 sky beasts
  18 centaurs
  10 crocodiles
  2 brain worms
  4 boring beetles
  A gnoll sergeant (D:10)
  Blork the orc (D:6)
  11 giant frogs
  3 wyvern zombies
  2 elf zombies (Ossuary)
  A water moccasin zombie (D:8)
  9 killer bees (D:11)
  11 scorpions
  2 goliath beetles
  5 wights (D:6)
  4 electric eels
  2 lava snakes (D:12)
  31 orc priests
  3 quasits
  2 giant frog zombies
  7 crimson imps
  4 jellies
  9 hounds
  2 giant frog skeletons
  9 iguanas
  33 orc wizards
  8 hell rats (Lair:5)
  13 sheep
  35 worker ants
  A killer bee zombie (D:7)
  Jessica (D:15)
  A hound zombie (Ossuary)
  6 mummies
  Robin (D:2)
  104 river rats
  2 worker ant zombies
  28 adders
  9 gnolls
  An orc skeleton (Orc:4)
  5 orc zombies (Orc:4)
  4 shadow imps
  7 white imps (IceCv)
  18 worms
  7 ufetubi (IceCv)
  3 adder zombies
  2 adder skeletons
  5 giant geckos
  2 oozes
  176 orcs
  A bat skeleton (D:4)
  A bat zombie (D:5)
  6 giant cockroaches
  24 goblins
  24 hobgoblins
  6 jackals
  15 quokkas
  A ball python (D:5)
  A ball python skeleton (D:5)
  7 bats
  3 giant newts
  A giant spore (D:11)
  A goblin zombie (Ossuary)
  3 hobgoblin zombies (Ossuary)
  A jackal zombie (Ossuary)
  9 kobolds
  2 quokka zombies
  22 rats
  2 rat zombies (Ossuary)
  2 ballistomycetes (D:11)
  A butterfly (Lair:2)
  A fungus (Lair:5)
  6 plants
1454 creatures vanquished.

Vanquished Creatures (collateral kills)
  Arachne (Spider:2)
1 creature vanquished.

Vanquished Creatures (others)
  19 drowned souls
  A water moccasin (Lair:8)
  2 ufetubi (IceCv)
  A ballistomycete (D:11)
  4 fungi
  5 plants
32 creatures vanquished.

Grand Total: 1487 creatures vanquished

Notes
Turn   | Place    | Note
--------------------------------------------------------------
     0 | D:1      | HyperMorgan, the Deep Dwarf Fire Elementalist, began the quest for the Orb.
     0 | D:1      | Reached XP level 1. HP: 15/15 MP: 2/2
   350 | D:1      | Reached skill level 3 in Fire Magic
   395 | D:1      | Reached XP level 2. HP: 20/22 MP: 2/4
   421 | D:1      | Learned a level 2 spell: Throw Flame
   703 | D:2      | Noticed Robin
  1039 | D:2      | Reached XP level 3. HP: 28/28 MP: 1/6
  1390 | D:2      | Found a basalt altar of Yredelemnul.
  1557 | D:2      | Found a burning altar of Makhleb.
  1559 | D:2      | --excellent
  1871 | D:3      | Noticed a scorpion
  1915 | D:3      | Killed a scorpion
  1915 | D:3      | Reached XP level 4. HP: 12/36 MP: 9/9
  1920 | D:3      | Learned a level 3 spell: Conjure Flame
  2134 | D:3      | Reached skill level 4 in Fire Magic
  2268 | D:2      | Became a worshipper of Makhleb the Destroyer
  2475 | D:2      | Reached XP level 5. HP: 26/42 MP: 11/11
  2530 | D:2      | --ah, but of course
  2549 | D:2      | Killed Robin
  2759 | D:3      | Learned a level 4 spell: Sticky Flame
  2802 | D:3      | Acquired Makhleb's first power
  2933 | D:3      | Found a bloodstained altar of Trog.
  2964 | D:3      | Reached skill level 1 in Conjurations
  3006 | D:3      | Noticed scrublord's ghost (average DsFi)
  3072 | D:3      | --oh perfect thanks hatch
  3280 | D:4      | Got a bloodstained trident
  3281 | D:4      | Identified the +7 trident "Tuf Iteg" {freeze, rF+} (You found it on level 4 of the Dungeon)
  3285 | D:4      | Found a blossoming altar of Fedhas.
  3290 | D:4      | Found a shadowy altar of Dithmenos.
  3292 | D:4      | Found an opulent altar of Gozag.
  3295 | D:4      | Found a snail-covered altar of Cheibriados.
  3372 | D:4      | --awww yeah
  3385 | D:4      | Reached skill level 1 in Polearms
  3467 | D:4      | Found a shimmering altar of Xom.
  3489 | D:4      | Reached skill level 1 in Axes
  3489 | D:4      | Reached XP level 6. HP: 32/49 MP: 13/13
  3827 | D:4      | Acquired Makhleb's second power
  4022 | D:5      | Entered Level 5 of the Dungeon
  4053 | D:5      | Reached XP level 7. HP: 40/55 MP: 15/15
  4241 | D:5      | Found a sand-covered staircase.
  4250 | Ossuary  | Entered an ossuary
  4390 | Ossuary  | Reached skill level 5 in Axes
  4426 | Ossuary  | Reached XP level 8. HP: 43/62 MP: 16/16
  4620 | D:5      | Reached skill level 5 in Conjurations
  4873 | D:5      | Reached skill level 6 in Axes
  5166 | D:6      | Reached skill level 5 in Fire Magic
  5265 | D:6      | Acquired Makhleb's third power
  5342 | D:6      | Noticed Blork the orc
  5353 | D:6      | Killed Blork the orc
  5353 | D:6      | Reached skill level 1 in Fighting
  5396 | D:6      | Reached skill level 7 in Axes
  6206 | D:7      | Learned a level 2 spell: Blink
  6269 | D:7      | Gained mutation: You passively map the area around you. [level up]
  6269 | D:7      | Reached XP level 9. HP: 57/75 MP: 11/18
  6600 | D:7      | Found a staircase to the Ecumenical Temple.
  6642 | D:7      | Reached skill level 8 in Axes
  6647 | D:7      | Learned a level 2 spell: Repel Missiles
  7225 | D:8      | Acquired Makhleb's fourth power
  7237 | D:8      | Noticed a griffon
  7239 | D:8      | --yeesh
  7397 | D:8      | --really, some kinda flank-master now, are you hippo
  7400 | D:8      | Killed a griffon
  7400 | D:8      | Reached skill level 5 in Fighting
  7400 | D:8      | Reached skill level 9 in Axes
  7459 | D:8      | Got a spiked scale mail
  7498 | D:8      | Identified the +7 scale mail of Vanity {rF- Str+5} (You found it on level 8 of the Dungeon)
  7498 | D:8      | --hmmmmmmm
  7527 | D:8      | Reached skill level 1 in Armour
  7555 | D:8      | Found a staircase to the Lair.
  7791 | D:8      | You fall through a shaft!
  8278 | D:9      | Reached XP level 10. HP: 84/88 MP: 20/20
  8577 | D:9      | Found a staircase to the Orcish Mines.
  8895 | D:9      | Acquired Makhleb's fifth power
  9374 | Lair:1   | Entered Level 1 of the Lair of Beasts
  9392 | D:8      | Reached skill level 5 in Polearms
  9392 | D:8      | Reached skill level 5 in Armour
 10185 | Lair:1   | Reached XP level 11. HP: 47/94 MP: 21/21
 10343 | Lair:2   | Noticed a seven-headed hydra
 10366 | Lair:1   | Killed a seven-headed hydra
 10898 | Lair:2   | Got a dazzling scale mail
 10912 | Lair:2   | Identified the +5 scale mail "Xucw" {-Cast Int+6} (You found it on level 2 of the Lair of Beasts)
 10912 | Lair:2   | --good jokes
 11100 | Lair:2   | Noticed a four-headed hydra
 11141 | Lair:2   | Killed a four-headed hydra
 11890 | Lair:3   | Noticed Maud
 11937 | Lair:3   | --is this some kind of friggin joke
 11946 | Lair:3   | Reached skill level 1 in Translocations
 12291 | Lair:3   | Found a staircase to the Shoals.
 12311 | Lair:3   | Reached skill level 1 in Invocations
 12828 | Lair:3   | Reached XP level 12. HP: 84/103 MP: 5/22
 13025 | Lair:3   | Killed Maud
 13025 | Lair:3   | Reached skill level 5 in Invocations
 13164 | Lair:4   | Reached skill level 10 in Polearms
 13555 | Lair:4   | Learned a level 2 spell: Swiftness
 13579 | Lair:4   | Found a hole to the Spider Nest.
 13590 | Lair:4   | Noticed a five-headed hydra
 13596 | Lair:4   | Killed a five-headed hydra
 13707 | Lair:4   | Reached skill level 10 in Axes
 14122 | Lair:4   | Noticed Erica
 14133 | Lair:4   | Killed Erica
 14133 | Lair:4   | Reached skill level 11 in Axes
 14538 | Lair:5   | Upgraded the game from 0.16-a0-4112-g89a4107 to 0.16-a0-4113-g7d8e295
 14811 | Lair:5   | Noticed Nergalle
 14848 | Lair:5   | Killed Nergalle
 14911 | Lair:5   | Reached XP level 13. HP: 117/117 MP: 23/23
 15633 | Lair:6   | Noticed Fannar
 15668 | Lair:6   | Killed Fannar
 15668 | Lair:6   | Reached skill level 12 in Axes
 17374 | Lair:8   | Entered Level 8 of the Lair of Beasts
 17391 | Lair:8   | Reached skill level 13 in Axes
 17571 | Lair:7   | Reached skill level 10 in Fighting
 18176 | Lair:8   | Identified a scroll of acquirement
 18177 | Lair:8   | Got a warped glaive
 18178 | Lair:8   | Identified the +5 glaive of Mogael {elec, +Blink rPois MP+9 Int-3} (You acquired it on level 8 of the Lair of Beasts)
 18849 | Lair:8   | Noticed a dire elephant
 18852 | Lair:8   | Noticed a dire elephant
 18865 | Lair:8   | Killed a dire elephant
 18879 | Lair:8   | Killed a dire elephant
 18879 | Lair:8   | Gained mutation: You resist negative energy. [level up]
 18879 | Lair:8   | Reached XP level 14. HP: 84/132 MP: 25/25
 18938 | Lair:8   | Learned a level 6 spell: Haste
 18995 | Lair:8   | Noticed a dire elephant
 18998 | Lair:8   | Noticed a dire elephant
 19002 | Lair:8   | Killed a dire elephant
 19010 | Lair:8   | Killed a dire elephant
 19051 | Lair:8   | Noticed a dire elephant
 19070 | Lair:8   | HP: 4/132 [dire elephant (23)]
 19074 | Lair:8   | Killed a dire elephant
 19216 | Lair:8   | Found a staircase to the Slime Pits.
 19488 | D:10     | Entered Level 10 of the Dungeon
 19737 | D:10     | Reached skill level 10 in Invocations
 19906 | D:10     | --:/
 20012 | D:10     | Reached skill level 1 in Charms
 20315 | Orc:1    | Entered Level 1 of the Orcish Mines
 20650 | Orc:2    | Found Kubo's Jewellery Shoppe.
 20686 | Orc:2    | Found Lapt's Book Shop.
 20853 | Orc:2    | Noticed Urug
 20869 | Orc:2    | Killed Urug
 21391 | Orc:3    | Found an iron altar of Okawaru.
 21466 | Orc:3    | Found a staircase to the Elven Halls.
 21819 | Orc:2    | Noticed Harold
 21832 | Orc:2    | Killed Harold
 21930 | Orc:2    | Found a bloodstained altar of Trog.
 22026 | Orc:4    | Entered Level 4 of the Orcish Mines
 22193 | Orc:4    | HP: 6/132 [orc/short sword[an orc high priest] (3)]
 22898 | Orc:4    | Found Ziabuz's Food Shop.
 22997 | Orc:4    | Found Shofe's Food Boutique.
 23078 | Orc:4    | --great, good start
 23921 | Orc:4    | Reached skill level 5 in Dodging
 24282 | Orc:4    | Found Schuam's Book Emporium.
 24282 | Orc:4    | Found a one-way gate leading to the halls of Pandemonium.
 24282 | Orc:4    | Found Gilier's Antique Weapon Shoppe.
 24284 | Orc:4    | --wait
 24284 | Orc:4    | --wait
 24284 | Orc:4    | --okay
 24284 | Orc:4    | --so this means
 24284 | Orc:4    | --it is theoretically possible to get all 15 runes before entering depths
 24295 | Orc:4    | --cool a 100% useless orc4
 24295 | Orc:4    | --especially excellent since my gear mostly sucks!
 25164 | D:11     | Found an opulent altar of Gozag.
 25170 | D:11     | Found Gozag's Platinum Reserve.
 25241 | D:11     | Got a pair of distressingly furry gloves
 25252 | D:11     | Identified the cursed -5 pair of gloves of the Evil One {rCorr Str-2 Dex+3} (You found it on level 11 of the Dungeon)
 25252 | D:11     | --COOL
 25354 | D:11     | Reached XP level 15. HP: 138/138 MP: 23/23
 26773 | D:13     | Noticed Grum
 26882 | D:13     | Killed Grum
 27073 | D:13     | Found a gate to the Vaults.
 27234 | D:13     | Found a shimmering altar of Xom.
 27237 | D:13     | Found a shimmering altar of Xom.
 27238 | D:13     | Found a shimmering altar of Xom.
 27238 | D:13     | Found a shimmering altar of Xom.
 27239 | D:13     | Found a shimmering altar of Xom.
 27239 | D:13     | Found a shimmering altar of Xom.
 27241 | D:13     | Found a shimmering altar of Xom.
 27356 | D:13     | --oooh
 27372 | D:13     | --might be the way to go...
 27372 | D:13     | --well if i find appreciable EA at least
 27626 | D:14     | Found Qeohuj's Food Emporium.
 28273 | D:15     | Entered Level 15 of the Dungeon
 28600 | D:15     | Reached skill level 14 in Polearms
 28647 | D:15     | Found a staircase to the Depths.
 29071 | D:15     | Noticed Jessica
 29080 | D:15     | Killed Jessica
 29083 | D:15     | Found a deep blue altar of Sif Muna.
 29608 | Spider:1 | Entered Level 1 of the Spider Nest
 29729 | Spider:1 | Noticed Aizul
 29751 | Spider:1 | Killed Aizul
 30151 | Spider:1 | Reached skill level 15 in Polearms
 30598 | Spider:2 | Noticed Arachne
 30907 | Spider:2 | Killed Arachne
 31005 | Spider:2 | Reached XP level 16. HP: 114/146 MP: 24/24
 31610 | Spider:2 | Reached skill level 16 in Polearms
 31814 | Spider:3 | Noticed Norris
 32005 | Spider:3 | Noticed Asterion
 32120 | Spider:3 | --AUHRBDFDISRAEOLGHI
 32123 | Spider:3 | Noticed Roxanne
 32124 | Spider:3 | --ughhh
 32916 | Spider:3 | Killed Norris
 32916 | Spider:3 | Reached skill level 17 in Polearms
 33683 | Spider:3 | Reached skill level 1 in Shields
 34596 | Spider:5 | Entered Level 5 of the Spider Nest
 34596 | Spider:5 | Noticed Frances
 34722 | Spider:5 | Killed Frances
 34914 | Spider:5 | Reached skill level 5 in Shields
 35188 | Spider:5 | Gained mutation: You are weak. (Str -2) [potion of mutation]
 35188 | Spider:5 | Gained mutation: You are covered in fur (AC +1). [potion of mutation]
 35265 | Spider:3 | Lost mutation: You are weak. (Str -2) [potion of cure mutation]
 35265 | Spider:3 | Lost mutation: You are covered in fur (AC +1). [potion of cure mutation]
 35483 | Spider:5 | Reached XP level 17. HP: 157/157 MP: 21/21
 36984 | Spider:5 | Got a gossamer rune of Zot
 37289 | Shoals:1 | Entered Level 1 of the Shoals
 37313 | Shoals:1 | Reached skill level 1 in Evocations
 38118 | Shoals:2 | Reached skill level 5 in Evocations
 38249 | Shoals:2 | Noticed Jorgrun
 38284 | Shoals:2 | Killed Jorgrun
 38341 | Shoals:2 | Reached skill level 10 in Dodging
 38677 | Shoals:3 | Found a frozen archway.
 38725 | IceCv    | Entered an ice cave
 39167 | IceCv    | Noticed an Ice Fiend
 39220 | IceCv    | HP: 6/243 [Ice Fiend (9)]
 39220 | IceCv    | Mangled by an Ice Fiend

Action                   |  1- 3 |  4- 6 |  7- 9 | 10-12 | 13-15 | 16-18 || total
-------------------------+-------+-------+-------+-------+-------+-------++-------
Melee: Dagger            |    67 |    19 |       |       |       |       ||    86
       Trident           |       |    52 |   237 |   799 |   360 |       ||  1448
       Flail             |       |     4 |       |       |       |       ||     4
       Staff             |       |       |    13 |     3 |       |       ||    16
       War axe           |       |       |       |    23 |   575 |       ||   598
       Glaive            |       |       |       |       |  1457 |   450 ||  1907
       Hand axe          |       |       |       |       |    10 |       ||    10
       Broad axe         |       |       |       |       |       |  1002 ||  1002
Throw: Javelin           |     3 |     1 |       |       |       |       ||     4
 Cast: Flame Tongue      |    36 |    70 |    90 |    22 |       |       ||   218
       Throw Flame       |       |     9 |    48 |    37 |       |       ||    94
       Conjure Flame     |       |     1 |    11 |    23 |     4 |       ||    39
       Sticky Flame      |       |       |     2 |    41 |    14 |       ||    57
       Repel Missiles    |       |       |     1 |     1 |     1 |     1 ||     4
       Blink             |       |       |     1 |       |       |     5 ||     6
Invok: Minor Destruction |       |       |       |       |    38 |    17 ||    55
 Abil: Device Recharging |       |       |       |       |     5 |     7 ||    12
       Evoke Berserk Rag |       |       |       |       |     4 |     7 ||    11
       Evoke Flight      |       |       |       |       |       |     4 ||     4
Evoke: Wand              |     1 |     4 |     2 |     8 |    39 |    44 ||    98
       Lamp of fire      |       |       |       |       |     1 |     1 ||     2
       Rod               |       |       |       |       |       |     3 ||     3
  Use: Scroll            |       |    12 |    13 |    10 |    22 |    16 ||    73
       Potion            |       |       |     1 |     1 |     9 |     9 ||    20
 Stab: Sleeping          |     3 |     4 |     5 |       |    17 |     3 ||    32
       Distracted        |     1 |     1 |       |       |     1 |     1 ||     4
       Confused          |       |       |       |       |     1 |       ||     1
  Eat: Chunk             |     4 |     7 |    13 |    32 |    57 |    32 ||   145
       Bread ration      |       |       |     1 |       |     1 |       ||     2
       Royal jelly       |       |       |       |       |     1 |     3 ||     4
       Fruit             |       |       |       |       |       |     3 ||     3
